 Dungeon Crawl Stone Soup version 0.26-a0-661-g406de6ba63 (webtiles) character file.

Game seed: 1024035620008507648

9095 tacoguy the Grappler (level 11, -1/107 HPs)
             Began as a Troll Monk on Oct 8, 2020.
             Was a Priest of Qazlal.
             Slain by a seven-headed hydra (9 damage)
             ... on level 10 of the Dungeon.
             The game lasted 00:37:40 (10364 turns).

tacoguy the Grappler (Troll Monk)                  Turns: 10364, Time: 00:37:42

Health: -1/107     AC:  8    Str: 24      XL:     11   Next: 18%
Magic:  19/19      EV:  9    Int: 12      God:    Qazlal [***...]
Gold:   577        SH: 18    Dex: 10 (12) Spells: 10/10 levels left

rFire    . . .     SeeInvis .     - Unarmed
rCold    . . .     Faith    .   b - +0 tower shield
rNeg     . . .     Spirit   .   a - +0 robe
rPois    .         Reflect  .   (helmet restricted)
rElec    .         Harm     .   z - +1 cloak
rCorr    .         Rampage  .   (gloves unavailable)
MR       .....                  (boots unavailable)
Stlth    +.........             v - amulet of regeneration
HPRegen  1.07/turn              h - ring of magical power
MPRegen  0.16/turn              k - +6 ring of intelligence

@: about to teleport
A: large, unfitting armour, claws 3, regeneration 1, shaggy fur 1, tough skin 3
a: Upheaval, Elemental Force, Renounce Religion


You were on level 10 of the Dungeon.
You worshipped Qazlal.
Qazlal was most pleased with you.
You visited 2 branches of the dungeon, and saw 12 of its levels.
You also visited: Ossuary.

You collected 577 gold pieces.

Inventory:

Missiles
 s - 4 atropa-tipped darts (quivered)
Armour
 a - a +0 robe (worn)
 b - a +0 tower shield (worn)
 z - a +1 cloak (worn)
Jewellery
 e - an uncursed ring of see invisible
 h - a ring of magical power (left claw)
 k - a +6 ring of intelligence (right claw)
 v - an amulet of regeneration (around neck)
 F - an uncursed ring of positive energy
Wands
 m - a wand of paralysis (5)
 B - a wand of disintegration (6)
 D - a wand of iceblast (30)
Scrolls
 c - 3 scrolls of enchant armour {unknown}
 g - 7 scrolls of remove curse
 j - 3 scrolls of fear {unknown}
 l - 3 scrolls of teleportation
 p - 4 scrolls of amnesia {unknown}
 q - 8 scrolls of identify
 t - a scroll of fog {unknown}
 u - 2 scrolls of random uselessness {unknown}
 x - 3 scrolls of immolation {unknown}
 y - a scroll of enchant weapon {unknown}
 C - a scroll of magic mapping {unknown}
Potions
 d - a potion of curing
 f - 9 potions of brilliance
 i - a potion of degeneration {unknown}
 n - a potion of flight {unknown}
 o - 3 potions of might
 r - a potion of ambrosia {unknown}
 w - 2 potions of magic {unknown}
 A - 4 potions of heal wounds {unknown}
 E - a potion of cancellation {unknown}


   Skills:
 + Level 6.7 Fighting
 + Level 6.0 Armour
 + Level 6.8 Dodging
 - Level 1.0 Stealth
 + Level 4.8 Shields
 * Level 10.7 Unarmed Combat


You had 10 spell levels left.
You didn't know any spells.
Your spell library contained the following spells:

 Spells                   Type           Power        Failure   Level
 Magic Dart               Conj           #...         96%         1
 Blink                    Tloc           N/A          99%         2
 Call Imp                 Summ           #.......     99%         2
 Slow                     Hex            #.......     99%         2
 Conjure Flame            Conj/Fire      #.......     100%        3
 Mephitic Cloud           Conj/Pois/Air  #.......     100%        3


Dungeon Overview and Level Annotations

Branches:
Dungeon (11/15)            Temple (1/1) D:4         Ossuary (visited)
   Lair: D:8-11         Orc: D:9-12

Altars:
Ashenzari
Cheibriados
Dithmenos
Elyvilon
Fedhas
Gozag
Hepliaklqana
Kikubaaqudgha
Makhleb
Nemelex Xobeh
Okawaru
Qazlal
Ru
Sif Muna
Trog
Uskayaw
Vehumet
Wu Jian
Xom
Yredelemnul
Zin
The Shining One


Innate Abilities, Weirdness & Mutations

You are too large for most types of armour.
You have claws for hands.
Your natural rate of healing is unusually fast.
You are covered in fur. (AC +1)
You have extremely tough skin. (AC +3)


Message History

The six-headed hydra bites you.
You block the six-headed hydra's attack. x2
The six-headed hydra bites you! The six-headed hydra bites you.
The six-headed hydra bites you!
You scratch the six-headed hydra.
The six-headed hydra is lightly wounded.
You claw one of the six-headed hydra's heads off!
The five-headed hydra grows two more!
You claw the seven-headed hydra!
The seven-headed hydra is lightly wounded.
The troll barely misses you. The troll closely misses you. The troll claws you.
The seven-headed hydra barely misses you.
You block the seven-headed hydra's attack. x2
The seven-headed hydra bites you!
* * * LOW HITPOINT WARNING * * *
The seven-headed hydra bites you!
* * * LOW HITPOINT WARNING * * *
The seven-headed hydra bites you.
* * * LOW HITPOINT WARNING * * *
The seven-headed hydra bites you!
You die...

###..#.##.#...#### #
#..#......<....# #
#..######....#.# ###..#
##.#.#.# .....### #.#.#.#
.......# #.#.#.# ###.##.#
#.#.#.# #.##.#####.#.#D#
# #.##.......#.#@#
###.###........#T# .##.#
#.########.# ....# #.#
#.# .#### #.# #.# ##
##.########.#
######.#.........#
......###.#####..########
.#####.#..# #.........#


You could see a seven-headed hydra and a troll.

Vanquished Creatures
  Harold (D:7)
  3 two-headed ogres
  An unseen horror (D:10)
  Maggie (D:7)
  A troll (D:9)
  A wraith (D:10)
  5 yaks (D:10)
  3 orc warriors
  A sky beast (D:10)
  3 ice beasts
  A phantom (D:5)
  A black bear (D:8)
  4 ogres
  4 centaurs
  A big kobold (D:10)
  Blork the orc (D:6)
  2 bullfrogs
  2 water moccasin zombies (Ossuary)
  3 scorpions
  2 water moccasin skeletons
  5 killer bees (D:10)
  5 wights (D:9)
  3 howler monkeys (D:9)
  2 centaur zombies
  A quasit (D:10)
  7 orc priests
  A gnoll shaman (D:10)
  4 hounds
  7 jellies
  A bullfrog skeleton (D:9)
  Crazy Yiuf (D:7)
  An iguana (D:9)
  17 orc wizards
  7 worker ants
  A big kobold zombie (Ossuary)
  A hound skeleton (D:7)
  2 mummies (Ossuary)
  3 gnolls (D:4)
  8 adders
  A shadow imp (D:5)
  2 white imps
  3 oozes
  An adder skeleton (D:4)
  4 adder zombies (Ossuary)
  4 worms
  3 dart slugs (D:1)
  6 leopard geckos
  32 orcs
  2 giant cockroaches
  A gnoll zombie (Ossuary)
  6 hobgoblins
  9 jackals
  9 kobolds
  2 quokkas
  A ball python (D:5)
  5 bats
  6 frilled lizards
  2 goblins
  5 hobgoblin zombies (Ossuary)
  6 kobold zombies (Ossuary)
  3 orc zombies (Ossuary)
  5 rats
236 creatures vanquished.

Vanquished Creatures (others)
  A howler monkey zombie (D:5)
  An adder (D:5)
2 creatures vanquished.

Grand Total: 238 creatures vanquished

Notes
Turn   | Place    | Note
-------+----------+-------------------------------------------
     0 | D:1      | tacoguy the Troll Monk began the quest for the Orb.
     0 | D:1      | Reached XP level 1. HP: 22/22 MP: 0/0
   235 | D:1      | Reached XP level 2. HP: 29/29 MP: 1/1
  1140 | D:2      | Reached XP level 3. HP: 35/36 MP: 2/2
  1971 | D:3      | Reached skill level 1 in Armour
  1973 | D:3      | Reached XP level 4. HP: 44/44 MP: 3/3
  2429 | D:4      | Noticed an ogre
  2449 | D:4      | Killed an ogre
  2449 | D:4      | Reached skill level 4 in Unarmed Combat
  2449 | D:4      | Reached XP level 5. HP: 12/53 MP: 4/4
  2652 | D:4      | Reached XP level 6. HP: 58/61 MP: 5/5
  2833 | D:4      | Found a staircase to the Ecumenical Temple.
  2845 | Temple   | Entered the Ecumenical Temple
  3225 | Temple   | Became a worshipper of Qazlal Stormbringer
  3225 | Temple   | Reached * piety under Qazlal
  3225 | Temple   | Reached ** piety under Qazlal
  3779 | D:5      | Entered Level 5 of the Dungeon
  3779 | D:5      | Noticed an ice beast
  3790 | D:5      | Reached skill level 5 in Unarmed Combat
  3791 | D:5      | Killed an ice beast
  3791 | D:5      | Reached XP level 7. HP: 26/68 MP: 6/6
  3896 | D:5      | Found a sand-covered staircase.
  3923 | Ossuary  | Entered an ossuary
  4382 | D:5      | Reached *** piety under Qazlal
  4486 | D:5      | Reached skill level 6 in Unarmed Combat
  4509 | D:5      | Found a radiant altar of Vehumet.
  4531 | D:5      | Found an opulent altar of Gozag.
  4560 | D:5      | Reached XP level 8. HP: 79/79 MP: 7/7
  5413 | D:6      | Noticed Blork the orc
  5419 | D:6      | Killed Blork the orc
  5419 | D:6      | Reached skill level 1 in Shields
  6212 | D:7      | Found a runed translucent door.
  6213 | D:7      | Noticed Crazy Yiuf
  6281 | D:7      | Reached skill level 7 in Unarmed Combat
  6296 | D:7      | Found a basalt altar of Yredelemnul.
  6323 | D:7      | Noticed Maggie
  6346 | D:7      | Killed Maggie
  6346 | D:7      | Reached skill level 5 in Fighting
  6346 | D:7      | Reached skill level 5 in Dodging
  6460 | D:7      | Reached XP level 9. HP: 88/88 MP: 8/8
  6662 | D:7      | Noticed Harold
  6697 | D:7      | Killed Harold
  6697 | D:7      | Reached skill level 8 in Unarmed Combat
  7026 | D:7      | Killed Crazy Yiuf
  8145 | D:9      | Reached skill level 9 in Unarmed Combat
  8193 | D:9      | Found a shimmering altar of Xom.
  8282 | D:9      | Reached XP level 10. HP: 77/98 MP: 9/9
  8369 | D:9      | Noticed a two-headed ogre
  8376 | D:9      | Killed a two-headed ogre
  8376 | D:9      | Reached skill level 5 in Armour
  8658 | D:9      | Found an ornate altar of the Wu Jian Council.
  8805 | D:9      | Found a sparkling altar of Nemelex Xobeh.
  9000 | D:10     | Entered Level 10 of the Dungeon
  9002 | D:10     | Noticed a two-headed ogre
  9010 | D:10     | Killed a two-headed ogre
  9150 | D:10     | Killed an unseen horror
  9150 | D:10     | Reached skill level 10 in Unarmed Combat
  9497 | D:10     | Reached XP level 11. HP: 104/107 MP: 5/10
  9708 | D:10     | Noticed a two-headed ogre
  9714 | D:10     | Killed a two-headed ogre
  9812 | D:10     | Found a shimmering altar of Xom.
 10200 | D:11     | Noticed a six-headed hydra
 10364 | D:10     | Slain by a seven-headed hydra

Illustrated notes

Levels and vault maps discovered:
D:1:      dpeg_arrival_round_a, layout_basic
D:2:      layout_basic
D:3:      layout_basic, grunt_decor_cap
D:4:      layout_gridville, minmay_temple_entry_poolview,
          minmay_misc_feat_columns
D:5:      layout_rooms, nicolae_gozag_seed_capital, fiery_altar_vehumet,
          enter_ossuary_3, minmay_misc_feat_pillars, minivault_25,
          roderic_serpentine_path
D:6:      layout_loops_corners, corexii_item_surrounded_by_moat,
          uniq_blork_the_orc
D:7:      layout_basic, nicolae_overflow_crystal_walls, minivault_1,
          uniq_maggie, uniq_crazy_yiuf_cottage, uniq_harold
D:8:      layout_gridville
D:9:      layout_roguey, lemuel_coloured_pillars_altar, basic_altar,
          nemelex_lonely_heart_becter
D:10:     minmay_evil_eye, layout_loops_ring, basic_altar,
          minmay_misc_feat_enclosed
D:11:     layout_basic, erik_lair_island, orc_0_dummy, serial_shops,
          shop_fountains, minmay_librarian
Temple:   dpeg_five_rooms_temple

Skill      XL: |  1  2  3  4  5  6  7  8  9 10 11 |
---------------+----------------------------------+-----
Armour         | 1 2 3 4 5 6 |  6.0
Fighting       | 3 4 5 6 |  6.7
Dodging        | 3 4 5 6 |  6.8
Unarmed Combat | 4 5 6 7 9 10 | 10.7
Shields        | 2 3 4 |  4.8
Stealth        | |  1.0

Action                   |  1- 3 |  4- 6 |  7- 9 | 10-12 || total
-------------------------+-------+-------+-------+-------++-------
Melee: Unarmed           |    84 |   130 |   355 |   200 ||   769
       Punch             |     1 |       |       |       ||     1
Invok: Upheaval          |       |       |     7 |    13 ||    20
  Use: Scroll            |     4 |     1 |       |     1 ||     6
       Potion            |       |       |       |     6 ||     6
Armor: Robe              |    35 |    34 |    60 |    54 ||   183
Dodge: Dodged            |    40 |    23 |    52 |    63 ||   178
Block: Tower shield      |    22 |    68 |   290 |   225 ||   605

Table legend: (Time is in decaauts)
 A = Elapsed time spent in this place.
 B = Non-inter-level travel time spent in this place.
 C = Inter-level travel time spent in this place.
 D = Time resting spent in this place.
 E = Time spent auto-exploring this place.
 F = Levels seen in this place.
 G = Mean time per level.
                   A        B        C        D        E       F      G
               +--------+--------+--------+--------+--------+-----+--------+
         Total |  10380 |   9500 |    880 |   1575 |   5413 |  13 |  798.5 |
       Dungeon |   9758 |   9086 |    672 |   1559 |   5224 |  11 |  887.1 |
        Temple |    411 |    203 |    208 |      0 |    189 |   1 |  411.0 |
       Ossuary |    210 |    210 |      0 |     16 |      0 |   1 |  210.0 |
               +--------+--------+--------+--------+--------+-----+--------+

Top non-repeatable levels by time:
    D:10: 1242 daAuts
     D:5: 1117 daAuts
     D:9: 1085 daAuts
     D:4: 1053 daAuts
     D:6: 1047 daAuts
     D:7: 992 daAuts
     D:2: 904 daAuts
     D:1: 893 daAuts
     D:8: 886 daAuts
     D:3: 526 daAuts
  Temple: 411 daAuts
 Ossuary: 210 daAuts
    D:11: 7 daAuts
